 Dungeon Crawl Stone Soup version 0.29.1-12-g30fa7ad0bf (webtiles) character file.

Game seed: 12238596417440334329

32874 leafyfresh the Thaumaturge (level 14, 0/98 HPs)
             Began as a Djinni Ice Elementalist on Jan 16, 2023.
             Was an Elder of Makhleb.
             Slain by a +5 long sword (21 damage)
             ... on level 13 of the Dungeon on Jan 19, 2023.
             The game lasted 01:01:10 (20065 turns).

leafyfresh the Thaumaturge (DjIE)                  Turns: 20065, Time: 01:01:11

Health: 0/98       AC: 10    Str:  7    XL:     14   Next: 5%
Gold:   887        EV: 17    Int: 21    God:    Makhleb [****..] SH:  0 Dex: 15

rFire   + + +      SeeInvis .   P - staff of cold
rCold   . . .      Faith    .   I - orb {light}
rNeg    . . .      Spirit   .   G - +2 robe {rC+ rF+}
rPois   ∞          Reflect  .   (no helmet)
rElec   .          Harm     .   a - +2 cloak
rCorr   .          Rampage  .   i - +2 pair of gloves
Will    ++...                   (boots unavailable)
Stlth   ++........              (no amulet)
HPRegen 0.26/turn               o - ring of willpower
MPRegen 0.00/turn               q - ring "Xirhymoe" {Fire rPois}

@: flying, hasted, glowing, very quick
A: sickness immunity, fire resistance 2, cold vulnerability 1, float, innate
caster, HP casting, extra vitality 1
a: Renounce Religion, Minor Destruction, Lesser Servant of Makhleb, Major
Destruction


You were on level 13 of the Dungeon.
You worshipped Makhleb.
Makhleb was greatly pleased with you.
You visited 2 branches of the dungeon, and saw 16 of its levels.

You collected 887 gold pieces.

Inventory:

Hand Weapons
 v - the +7 whip "Qikevead" {vorpal, rN+}
   (You found it on level 3 of the Dungeon)

   It inflicts extra damage upon your enemies.
   rN:        It protects you from negative energy.
Missiles
 g - 6 boomerangs of dispersal
 J - 5 atropa-tipped darts
Armour
 a - a +2 cloak (worn)
 b - +0 steam dragon scales
 h - a +0 buckler
 i - a +2 pair of gloves (worn)
 G - a +2 robe of resistance (worn)
 I - an orb of light (worn)
 L - a +0 troll leather armour
 N - +0 fire dragon scales
Magical Staves
 e - a staff of poison
 u - a staff of air
 D - a staff of death
 P - a staff of cold (weapon)
Jewellery
 l - an amulet of faith
 o - a ring of willpower (left hand)
 q - the ring "Xirhymoe" (right hand) {Fire rPois}
   (You found it on level 11 of the Dungeon)

   [ring of fire]

   It enhances your fire magic.
   rF:        It protects you from fire.
   rC:        It makes you vulnerable to cold.
   rPois:     It protects you from poison.
 O - an amulet of regeneration
Wands
 p - a wand of light (17)
 w - a wand of mindburst (15)
 y - a wand of roots (13)
 C - a wand of polymorph (8)
 E - a wand of charming (5)
Scrolls
 c - a scroll of poison
 j - a scroll of fear
 r - 2 scrolls of enchant weapon
 M - a scroll of identify
Potions
 k - 4 potions of haste
 m - 2 potions of invisibility
 n - 5 potions of berserk rage
 s - 5 potions of resistance
 t - a potion of cancellation
 x - 4 potions of curing
 z - 2 potions of attraction
 B - a potion of lignification {unknown}
 F - a potion of might
 K - a potion of brilliance {unknown}
Miscellaneous
 H - a phial of floods


   Skills:
 + Level 8.3 Fighting
 + Level 10.9 Dodging
 - Level 7.5 Stealth
 - Level 11.6 Spellcasting
 + Level 10.5 Invocations


You had 6 spell levels left.
You knew the following spells:

 Your Spells              Type           Power      Damage    Failure   Level
a - Freeze                Ice            100%       1d11      1%          1
b - Frozen Ramparts       Ice            100%       1d16      1%          3
c - Ozocubu's Armour      Ice            74%        N/A       1%          3
d - Hailstorm             Conj/Ice       74%        3d15      1%          4
e - Shock                 Conj/Air       100%       1d9       1%          1
f - Ensorcelled Hibernat  Hex/Ice        100%       N/A       1%          2
g - Vampiric Draining     Necr           57%        2d10      1%          3
h - Dispel Undead         Necr           57%        3d20      1%          4
i - Airstrike             Air            28%        2d(5-21)  1%          4
j - Freezing Cloud        Conj/Ice/Air   37%        6-21      1%          5
Your spell library was empty.

Dungeon Overview and Level Annotations

Branches:
Dungeon (15/15)            Temple (0/1) D:6            Lair (0/5) D:11
    Orc (1/2) D:12
 Vaults: D:13-14     Depths: D:15

Altars:
Ashenzari
Cheibriados
Dithmenos
Elyvilon
Gozag
Makhleb
Okawaru
Trog
Yredelemnul
Zin

Shops:
D:3 =   D:11 *   D:14 *

Annotations:
D:14 Roxanne


Innate Abilities, Weirdness & Mutations

You are immune to sickness and miasma.
You are immune to poison.
Your flesh is very heat resistant. (rF++)
You are vulnerable to cold. (rC-)
You float through the air rather than walking.
You learn spells naturally, not from books.
Your magical power is your life essence.
You have superior vitality. (+4 MHP)


Message History

You can't see that place. [the floor.] Unknown command.
Press: ? - help, v - describe, . - travel
Here: a +5 long sword (wandering, hasn't noticed you)
The floor.
Casting: Vampiric Draining (safe; 1% risk of failure)
Confirm with . or Enter, or press ? or * to list all spells.
Okay, then.
Unknown command.
Your icy armour and frozen ramparts will break if you move.
Continue? [Y]es or [N]o only, please.
Your icy armour and frozen ramparts will break if you move.
Continue?
Your icy armour cracks and falls away as you move.
The frozen ramparts melt away as you move.
A +5 long sword comes into view.
You see here a +0 long sword.
You see here a +0 long sword.
The +5 long sword is engulfed in freezing vapours.
The +5 long sword hits you!
* * * LOW HITPOINT WARNING * * *
The +5 long sword is engulfed in freezing vapours.
The +5 long sword hits you.
* * * LOW HITPOINT WARNING * * *
Blink to where?
Press: ? - help, Dir - move target
As you read the scroll of blinking, it crumbles to dust.
The +5 long sword is engulfed in freezing vapours.
You feel yourself speed up.
Unknown command.
The +5 long sword barely misses you.
The +5 long sword attacks as you move away!
The +5 long sword barely misses you.
Okay, then.
As you read the scroll of summoning, it crumbles to dust.
Wisps of shadow whirl around you... The +5 long sword hits you!
* * * LOW HITPOINT WARNING * * *
Okay, then.
You feel better. The +5 long sword hits you!!
You die...

# #.##.#.# #.#
#.#.##....(.####.###
#.........####.....#
######.#### #.#.#.#
#.# #.#.#.# ###.###
#^#.#.# #.....#
#.C...# #.....#
###(### #....<#
#u.@..# #.....#
#.#.#.# #.....#
#.#e#.# ####### #
..# # ###


You could see a +5 long sword (ally target), a friendly cyan ugly thing
(summoned), a friendly cyclops (summoned) and a friendly deep elf pyromancer
(summoned).

Vanquished Creatures
  A tengu reaver (D:12)
  A fire dragon (D:14)
  A yaktaur captain (D:12)
  4 hydras
  Erolcha (D:13)
  6 boulder beetles
  3 two-headed ogres
  2 centaur warriors (D:14)
  A skeletal warrior (D:13)
  An orc knight (D:15)
  4 deep elf pyromancers
  4 ugly things
  3 cyclopes
  3 manticores
  Maurice (D:8)
  2 unseen horrors
  A yaktaur (D:14)
  A kobold demonologist (D:14)
  3 gargoyles
  A komodo dragon (D:12)
  A tengu conjurer (D:14)
  5 trolls
  4 slime creatures (D:12)
  A snapping turtle (shapeshifter) (D:14)
  3 shadows
  A vampire (D:12)
  2 wyverns (D:8)
  A basilisk (D:14)
  A wraith (D:10)
  15 yaks
  9 vampire mosquitoes
  3 steam dragons
  3 acid dragons
  Edmund (D:6)
  Duvessa (D:7)
  A black bear (D:8)
  8 orc warriors
  An ice beast (D:5)
  An ogre (D:5)
  A sky beast (D:6)
  5 wolves (D:11)
  3 centaurs
  A phantom (D:3)
  3 bullfrogs
  2 necrophages
  A scorpion (D:6)
  8 wights
  Dowan (D:7)
  12 killer bees
  6 howler monkeys
  An electric eel (D:11)
  2 lava snakes (D:10)
  A jelly (D:7)
  5 orc priests
  6 hounds
  3 gnoll boudas
  3 iguanas
  10 orc wizards
  13 gnolls
  8 adders
  An ufetubus (D:4)
  2 worms
  2 dart slugs (D:2)
  35 orcs
  5 endoplasms
  3 giant cockroaches (D:4)
  7 goblins
  8 hobgoblins
  10 kobolds
  3 quokkas
  3 ball pythons
  6 bats
  9 frilled lizards (D:2)
  5 rats
300 creatures vanquished.

Vanquished Creatures (others)
  6 plants
6 creatures vanquished.

Grand Total: 306 creatures vanquished

Notes
Turn   | Place    | Note
-------+----------+-------------------------------------------
     0 | D:1      | leafyfresh the Djinni Ice Elementalist began the quest for
                  | the Orb.
     0 | D:1      | leafyfresh set off with the following spells memorised:
                  | Freeze, Frozen Ramparts, Ozocubu's Armour, Hailstorm.
     0 | D:1      | Reached XP level 1. HP: 15/15 MP: 0/0
   366 | D:1      | Found a faded altar of an unknown god.
   556 | D:1      | You are sucked into a shaft and drop 1 floor!
   596 | D:1      | Reached XP level 2. HP: 21/21 MP: 0/0
  1030 | D:2      | Reached XP level 3. HP: 25/25 MP: 0/0
  1030 | D:2      | Learned a level 1 spell: Shock
  1252 | D:2      | Reached skill level 4 in Spellcasting
  1905 | D:2      | Reached XP level 4. HP: 31/31 MP: 0/0
  2620 | D:3      | Found a basalt altar of Yredelemnul.
  2634 | D:3      | Found Niskail's Jewellery Shoppe.
  2729 | D:3      | Identified the +7 whip "Qikevead" {vorpal, rN+}
  3288 | D:3      | Noticed a phantom
  3300 | D:3      | Killed a phantom
  3301 | D:3      | Reached XP level 5. HP: 7/35 MP: 0/0
  3301 | D:3      | Learned a level 2 spell: Ensorcelled Hibernation
  3747 | D:3      | Found an opulent altar of Gozag.
  4223 | D:4      | Reached XP level 6. HP: 35/40 MP: 0/0
  4586 | D:4      | Reached skill level 5 in Spellcasting
  4886 | D:5      | Entered Level 5 of the Dungeon
  5137 | D:5      | Reached skill level 5 in Dodging
  5137 | D:5      | Reached XP level 7. HP: 33/45 MP: 0/0
  5137 | D:5      | Learned a level 3 spell: Vampiric Draining
  5848 | D:5      | Found a burning altar of Makhleb.
  6069 | D:5      | Became a worshipper of Makhleb the Destroyer
  6495 | D:6      | Found an iron altar of Okawaru.
  6500 | D:6      | Reached XP level 8. HP: 44/51 MP: 0/0
  6675 | D:6      | Noticed Edmund
  6685 | D:6      | Killed Edmund
  6686 | D:6      | Reached skill level 1 in Fighting
  7081 | D:6      | Reached skill level 6 in Spellcasting
  7255 | D:6      | Found a staircase to the Ecumenical Temple.
  7389 | D:6      | Found a white marble altar of Elyvilon.
  7390 | D:6      | Found a bloodstained altar of Trog.
  7583 | D:7      | Noticed Duvessa
  7583 | D:7      | Noticed Dowan
  7947 | D:7      | Found a broken altar of Ashenzari.
  7975 | D:7      | HP: 2/56 [orc/+0 morningstar (13)]
  8502 | D:7      | Killed Dowan
  8503 | D:7      | Reached XP level 9. HP: 35/60 MP: 0/0
  8503 | D:7      | Learned a level 4 spell: Dispel Undead
  8505 | D:7      | Killed Duvessa
  9255 | D:8      | Noticed Maurice
  9479 | D:8      | Reached * piety under Makhleb
  9725 | D:8      | Reached skill level 5 in Fighting
  9725 | D:8      | Reached XP level 10. HP: 53/70 MP: 0/0
  9727 | D:8      | Reached skill level 5 in Stealth
  9727 | D:8      | Reached skill level 7 in Spellcasting
  9921 | D:8      | Noticed a two-headed ogre
  9933 | D:8      | Killed a two-headed ogre
 10534 | D:8      | Found a glowing silver altar of Zin.
 10656 | D:9      | Reached ** piety under Makhleb
 10756 | D:9      | Noticed a boulder beetle
 10771 | D:9      | Killed a boulder beetle
 10970 | D:9      | Reached XP level 11. HP: 78/78 MP: 0/0
 10970 | D:9      | Learned a level 4 spell: Airstrike
 11156 | D:9      | Found a snail-covered altar of Cheibriados.
 11274 | D:9      | Identified the +7 plate armour "Doguny" {Str+7 Stlth+}
 11306 | D:9      | Reached skill level 10 in Dodging
 11306 | D:9      | Reached skill level 8 in Spellcasting
 11429 | D:9      | Found a shadowy altar of Dithmenos.
 11806 | D:10     | Entered Level 10 of the Dungeon
 11962 | D:10     | Reached *** piety under Makhleb
 12842 | D:11     | Found a staircase to the Lair.
 12964 | D:11     | Reached **** piety under Makhleb
 13111 | D:11     | Noticed a red ugly thing
 13248 | D:11     | Killed a red ugly thing
 13371 | D:11     | Identified the ring "Xirhymoe" {Fire rPois}
 13402 | D:11     | Reached skill level 1 in Invocations
 13607 | D:11     | Noticed a two-headed ogre
 13631 | D:11     | Killed a two-headed ogre
 13738 | D:11     | Found Zin's Purification Station.
 13740 | D:11     | Found a glowing silver altar of Zin.
 14267 | D:8      | Killed Maurice
 14268 | D:8      | Reached XP level 12. HP: 86/86 MP: 0/0
 14558 | D:12     | Noticed a boulder beetle
 14571 | D:12     | Killed a boulder beetle
 14572 | D:12     | Reached skill level 9 in Spellcasting
 14881 | D:12     | Noticed a boulder beetle
 14892 | D:12     | Killed a boulder beetle
 15045 | D:12     | Found a staircase to the Orcish Mines.
 15055 | D:12     | Reached skill level 5 in Invocations
 15206 | D:12     | Noticed a four-headed hydra
 15215 | D:12     | Killed a four-headed hydra
 15748 | D:12     | Noticed a two-headed ogre
 15750 | D:12     | Noticed a boulder beetle
 15755 | D:12     | Killed a two-headed ogre
 15755 | D:12     | Noticed a tengu reaver
 15792 | D:12     | Noticed a yaktaur captain
 15792 | D:12     | Noticed a boulder beetle
 15796 | D:12     | Reached skill level 10 in Spellcasting
 15800 | D:12     | Killed a yaktaur captain
 15808 | D:12     | Killed a boulder beetle
 15809 | D:12     | Reached XP level 13. HP: 42/92 MP: 0/0
 15809 | D:12     | Learned a level 5 spell: Freezing Cloud
 16010 | D:12     | HP: 3/92 [tengu reaver/bolt of acid (25)]
 16011 | D:12     | Killed a tengu reaver
 16320 | D:12     | Killed a boulder beetle
 16444 | D:12     | Noticed a seven-headed hydra
 16451 | D:12     | Killed a seven-headed hydra
 16965 | Orc:1    | Entered Level 1 of the Orcish Mines
 17258 | D:13     | Noticed a centaur warrior
 17258 | D:13     | Noticed a boulder beetle
 17305 | D:13     | Noticed a boulder beetle
 17313 | D:13     | HP: 1/92 [+5 long sword (14)]
 17694 | D:14     | Reached skill level 11 in Spellcasting
 17817 | D:14     | Identified Roxanne's Precepts of Grit
 17817 | D:14     | Noticed Roxanne
 17935 | D:14     | Noticed a centaur warrior
 17947 | D:14     | Killed a centaur warrior
 18240 | D:14     | Noticed a centaur warrior
 18347 | D:14     | Found Inigocw's Assorted Antiques.
 18651 | D:14     | Killed a centaur warrior
 18905 | D:14     | Noticed a six-headed hydra
 18913 | D:14     | Killed a six-headed hydra
 18988 | D:14     | Noticed a fire dragon
 19010 | D:14     | Killed a fire dragon
 19011 | D:14     | Reached skill level 10 in Invocations
 19432 | D:15     | Entered Level 15 of the Dungeon
 19525 | D:15     | Noticed a six-headed hydra
 19531 | D:15     | Killed a six-headed hydra
 20014 | D:13     | Noticed Erolcha
 20031 | D:13     | Killed Erolcha
 20037 | D:13     | Killed a boulder beetle
 20038 | D:13     | Reached XP level 14. HP: 34/98 MP: 0/0
 20065 | D:13     | Slain by a +5 long sword

Illustrated notes

Levels and vault maps discovered:
D:1:      minmay_arrival_widening_spiral_wide, layout_loops_ring,
          dreamdust_ecumenical_altar_grove
D:2:      layout_basic, minmay_lizard_king
D:3:      layout_loops_corners, old_standard_altar,
          nicolae_sif_muna_little_library, mainiacjoe_overflow_cross_hatched,
          serial_rivers, chequers_serial_rivers_small_3,
          chequers_serial_rivers_marsh, chequers_serial_rivers_small_b,
          chequers_serial_rivers_small_b, chequers_serial_rivers_micro_c,
          chequers_serial_rivers_large_b, serial_shops, shop
D:4:      layout_basic
D:5:      layout_basic, mainiacjoe_overflow_boulevard, kennysheep_small_square
D:6:      layout_loops_cross, minitemple, okawaru_altar_gauntlet_db,
          lemuel_temple_firewalk_b, minmay_misc_feat_hallway, uniq_edmund
D:7:      layout_basic, nicolae_ashenzari_panopticon, uniq_duvessa
D:8:      layout_loops_ring, lemuel_crystal_altar,
          nicolae_concentric_dashed_squares_mild, uniq_maurice
D:9:      layout_loops_ring, old_standard_altar, nicolae_overflow_hidden_temple,
          nzn_sisyphean_effort
D:10:     layout_irregular_city, serial_park_tiny_1, kennysheep_diamond
D:11:     layout_long_grid, erik_lair_island, zin_purify
D:12:     nzn_winding_woodlands_medium [nzn_winding_woodlands_5x5_open_star,
          nzn_winding_woodlands_5x15_pathside_ponds,
          nzn_winding_woodlands_hourglass, nzn_winding_woodlands_5x5_three,
          nzn_winding_woodlands_center_lodge, nzn_winding_woodlands_5x5_cross,
          nzn_winding_woodlands_5x5_checkerboard,
          nzn_winding_woodlands_5x15_jagged,
          nzn_winding_woodlands_5x5_closed_star], layout_irregular_city,
          orc_0_dummy
D:13:     layout_loops_cross, erik_vaults_1, uniq_lodul, uniq_erolcha
D:14:     layout_small_grid, serial_shops, nicolae_square_shop, uniq_roxanne
D:15:     grunt_enter_depths_snipers, layout_irregular_city,
          hangedman_abyss_or_decor_jellyfish_corner
Orc:1:    hellmonk_paralyzer, layout_caves, serial_shops, shop

Skill      XL: |  1  2  3  4  5  6  7  8  9 10 11 12 13 |
---------------+----------------------------------------+-----
Spellcasting   | 4 5 6 7 8 10 11 | 11.6
Dodging        | 3 4 5 6 7 8 9 10 | 10.9
Stealth        | 3 4 6 7 |  7.5
Fighting       | 3 5 6 8 |  8.3
Invocations    | 2 7 10 | 10.5

Action                   |  1- 3 |  4- 6 |  7- 9 | 10-12 | 13-15 || total
-------------------------+-------+-------+-------+-------+-------++-------
Melee: Short sword       |    81 |    28 |       |       |       ||   109
       Unarmed           |     6 |       |       |       |       ||     6
       Punch             |     1 |       |       |       |       ||     1
       Hand axe          |       |    20 |       |       |       ||    20
       Whip              |       |    59 |    26 |    25 |     5 ||   115
 Cast: Freeze            |     7 |     1 |     1 |    12 |     5 ||    26
       Shock             |       |     5 |    26 |    94 |    51 ||   176
       Frozen Ramparts   |       |     8 |    16 |    36 |    17 ||    77
       Ozocubu's Armour  |       |     2 |    11 |    26 |    14 ||    53
       Hailstorm         |       |     1 |    20 |    31 |    10 ||    62
       Vampiric Draining |       |       |    36 |   112 |    48 ||   196
       Ensorcelled Hiber |       |       |     3 |       |     1 ||     4
       Dispel Undead     |       |       |     2 |    10 |     3 ||    15
       Airstrike         |       |       |       |    43 |    25 ||    68
       Freezing Cloud    |       |       |       |       |    24 ||    24
Evoke: Phial of floods   |       |       |       |     1 |       ||     1
  Use: Scroll            |       |     6 |     9 |     6 |    10 ||    31
       Potion            |       |       |       |     7 |     5 ||    12
 Stab: Sleeping          |       |     3 |       |     2 |       ||     5
Armor: Robe              |    26 |    19 |    16 |    61 |    23 ||   145
Dodge: Dodged            |    72 |    81 |    52 |   121 |    59 ||   385
